 Dungeon Sprint DCSS version 0.17-a0-1718-g72dbe4d (webtiles) character file.

800000 ztt the Conqueror (level 14, -2/168 HPs)
             Began as a Ghoul Wanderer on Aug 25, 2015.
             Was a Follower of Makhleb.
             Slain by a bag of meat
             ... wielding a +9 war axe
              (31 damage)
             ... in the Dungeon (Sprint VIII: "Arena of Blood").
             The game lasted 00:00:24 (8 turns).

ztt the Conqueror (Ghoul Wanderer)                     Turns: 8, Time: 00:00:24

Health: -2/168     AC: 11    Str: 20    XL:     14   Next: 6%
Magic:  13/13      EV: 10    Int:  8    God:    Makhleb [*.....]
Gold:   0          SH:  0    Dex:  8    Spells: 0 memorised, 13 levels left

rFire  . . .     SeeInvis .     j - +∞ Axe of Woe
rCold  + . .     Clarity  .     a - +2 scale mail
rNeg   + + +     SustAt   .     (no shield)
rPois  ∞         Gourm    .     (no helmet)
rElec  .         Spirit   .     (no cloak)
rCorr  .         Warding  .     (no gloves)
rMut   .         NoTele   +     (no boots)
MR     +....                    (no amulet)
Stlth  +++.......               (no ring)
                                (no ring)

@: rotting, somewhat resistant to hostile enchantments, fairly stealthy
A: rotting body, claws 1, carnivore 3, cold resistance 1, negative energy
resistance 3, slow healing 1, torment resistance, unbreathing
a: Renounce Religion


You were in the Dungeon.
You worshipped Makhleb.
Makhleb was aware of your devotion.
You were not hungry.

You visited 1 branch

Inventory:

Hand weapons
 c - a +0 mace
 j - the +∞ Axe of Woe (weapon)
   (You found it in the Dungeon)
Armour
 a - a +2 scale mail (worn)
Scrolls
 i - a scroll of blinking
Potions
 b - 2 potions of curing
 e - a potion of heal wounds
 f - a potion of haste
 g - 2 potions of magic
 h - a potion of berserk rage
Comestibles
 d - a meat ration


   Skills:
 O Level 27 Fighting
 + Level 9.6(12.9) Axes
 + Level 14.0(15.0) Maces & Flails
 + Level 14.2 Armour
 + Level 9.6 Stealth
   Level 1.0 Evocations


You had 13 spell levels left.
You didn't know any spells.

Dungeon Overview and Level Annotations

Branches:
Dungeon (1/1)

Altars:
Makhleb


Innate Abilities, Weirdness & Mutations

Your body is rotting away.
You thrive on raw meat.
You are immune to poison.
You have sharp fingernails.
You are carnivorous and can eat meat at any time.
Your flesh is cold resistant.
You are immune to negative energy.
You heal slowly when monsters are visible.
You are immune to unholy pain and torment.
You can survive without breathing.


Message History

You kill the bag of meat!
Makhleb accepts your kill.
You can now gain health from killing.
You have mastered Fighting!
Your base Axes skill gained 6 levels and is now at level 8!
Your base Maces & Flails skill gained 5 levels and is now at level 10!
Your Armour skill gained 6 levels and is now at level 11!
Your Stealth skill gained 5 levels and is now at level 8!
You have reached level 13!
You hit the bag of meat but do no damage.
You hew the bag of meat savagely.
You kill the bag of meat!
Makhleb accepts your kill.
Your base Axes skill increases to level 9!
Your base Maces & Flails skill gained 4 levels and is now at level 14!
Your Armour skill gained 3 levels and is now at level 14!
Your Stealth skill increases to level 9!
You have reached level 14!
You hear a shout! x12
The bag of meat hits you with a +9 war axe!!
You die...

.. .. #... ..#
#... ..# .###...
..###.
......###......
....._..... .
#.....# ...
#_o<._# .
.....#@)...#....
#.....o)._.......
........###......
...###... ..###.
.. #... ..# #....
.# ..... ..
....... .. ....


You could see 2 bags of meat.

Vanquished Creatures
  3 orcs (D)
3 creatures vanquished.

Notes
Turn   | Place    | Note
--------------------------------------------------------------
     0 | D        | ztt the Ghoul Wanderer began the quest for the Orb.
     0 | D        | ztt set off with: a +2 scale mail, 2 potions of curing, a +0 mace, a meat ration, a potion of heal wounds, a potion of haste, 2 potions of magic, a potion of berserk rage, a scroll of blinking
     0 | D        | Reached XP level 1. HP: 22/22 MP: 0/0
     3 | D        | Noticed a bag of meat
     3 | D        | Noticed a bag of meat
     4 | D        | Noticed a bag of meat
     4 | D        | Became a worshipper of Makhleb the Destroyer
     5 | D        | Noticed a bag of meat
     6 | D        | Noticed a bag of meat
     7 | D        | Killed a bag of meat
     7 | D        | Reached skill level 26 in Fighting
     7 | D        | Reached skill level 5 in Maces & Flails
     7 | D        | Reached skill level 5 in Armour
     7 | D        | Reached XP level 2. HP: 25/68 MP: 1/1
     7 | D        | Reached XP level 3. HP: 27/75 MP: 2/2
     7 | D        | Reached XP level 4. HP: 30/84 MP: 3/3
     7 | D        | Reached XP level 5. HP: 32/92 MP: 4/4
     7 | D        | Reached XP level 6. HP: 35/101 MP: 5/5
     7 | D        | Reached XP level 7. HP: 37/108 MP: 6/6
     7 | D        | Reached XP level 8. HP: 40/117 MP: 7/7
     7 | D        | Reached XP level 9. HP: 42/125 MP: 8/8
     7 | D        | Reached XP level 10. HP: 45/134 MP: 9/9
     7 | D        | Reached XP level 11. HP: 47/141 MP: 10/10
     7 | D        | Reached XP level 12. HP: 49/149 MP: 11/11
     8 | D        | Killed a bag of meat
     8 | D        | Acquired Makhleb's first power
     8 | D        | Reached skill level 27 in Fighting
     8 | D        | Reached skill level 10 in Maces & Flails
     8 | D        | Reached XP level 13. HP: 28/159 MP: 12/12
     8 | D        | Killed a bag of meat
     8 | D        | Reached XP level 14. HP: 29/168 MP: 13/13
     8 | D        | Slain by a bag of meat

Vault maps used:
D:        meatsprint

Action                   |  1- 3 |  4- 6 |  7- 9 | 10-12 | 13-15 || total
-------------------------+-------+-------+-------+-------+-------++-------
Melee: Executioner's axe |     1 |       |       |     1 |       ||     2
